[Event "Late-Titled-Tuesday-Blitz-February-27-2024"]
[Site "Chess.com"]
[Date "2024.02.27"]
[Round "2"]
[White "Bkmzzzzz"]
[Black "Mahan_83"]
[Result "1-0"]
[WhiteElo "2408"]
[BlackElo "2738"]
[TimeControl "180+1"]
[EndTime "14:17:54 PST"]
[Termination "Bkmzzzzz won by checkmate"]

1. e4 c5 2. Nf3 d6 3. d4 cxd4 4. Qxd4 Nc6 5. Bb5 Bd7 6. Qd3 Nf6 7. Bg5 e6 8. Nc3 Be7 9. O-O-O O-O 10. e5 Nd5 11.
Bxe7 Ncxe7 12. exd6 Ng6 13. Nxd5 exd5 14. Bxd7 Qxd7 15.
Qxd5 Rac8 16. Kb1 h6 17. Rd2 Rfe8 18. Rhd1 Nf4 19. Qd4 Ng6 20. g3 a6 21. h4 f6 22.
Qd5+ Kh8 23. a3 Rcd8 24. Re1 Rxe1+ 25. Nxe1 Ne5 26. f4 Nc6 27. c4 Qg4 28. Qd3 Qe6 29. Nc2 Qg4 30. c5 Qh5 31. Qd5 Qg6 32. Ka2 Qxg3 33.
Nd4 Qxf4 34. Ne6 Qxh4 35. Nxd8 Nxd8 36. d7 f5 37. Re2 Qf6 38. Re8+ Kh7 39. Qg8+ Kg6 40.
Rxd8 f4 41. Rf8 Qd4 42. d8=Q Qxc5 43. Qf7+ Kh7 44. Qd3+ Qf5 45. Qdxf5# 1-0

[Event "Late-Titled-Tuesday-Blitz-February-27-2024"]
[Site "Chess.com"]
[Date "2024.02.27"]
[Round "2"]
[White "rhwr"]
[Black "DonMicheleCorleone"]
[Result "0-1"]
[WhiteElo "2316"]
[BlackElo "2526"]
[TimeControl "180+1"]
[EndTime "14:17:54 PST"]
[Termination "DonMicheleCorleone won by resignation"]

1. e4 e6 2. Nf3 d5 3. e5 c5 4. b4 d4 5. c3 dxc3 6. dxc3 Qxd1+ 7. Kxd1 cxb4 8. cxb4 Bxb4 9. Bb5+ Bd7 10. a4 a6 11. Bd3 Nc6 12. Nbd2 O-O-O 13. Nc4 Bc5 14. Ke2 Nge7 15. Bd2 Kb8 16. Rhb1 Nd4+ 17. Nxd4 Bxd4 18. Ra3 Bc6 19. f3 Ng6 20. Bxg6 hxg6 21. h3 Bd5 22. Nb6 Bxe5 23. Nxd5 Rxd5 24. Rab3 Rd7 25. Rb6 Rc8 26. Be3 Rc2+ 27. Kf1 Ka8 28. R6b4 Rd3 29. Bb6 Rdd2 30.
Rh4 Rxg2 31. Rh8+ Bb8 32. Rd1 Rh2 33. a5 Rh1+ 34. Bg1 b5 35. Rdd8 Rc1+ 36. Kf2 Rcxg1 37. Rxb8+ Ka7 38. Ra8+ Kb7 39. Rhb8+ Kc7 40. Rc8+ Kd7 41. Rd8+ Ke7 42. Re8+ Kf6 43. Rxa6 Ra1 44. Ke3 Rxh3 45. Rb8 Ra3+ 46. Kd4 Rhxf3 47. Rxb5 Rf4+ 48. Kc5 g5 49. Ra8 g4 50. Kb6 g3 51. a6 g2 52. Rb1 Rf1 53.
Rb2 g1=Q+ 0-1

[Event "Late-Titled-Tuesday-Blitz-February-27-2024"]
[Site "Chess.com"]
[Date "2024.02.27"]
[Round "2"]
[White "DonkyDonkyDonkey"]
[Black "Escudito"]
[Result "1-0"]
[WhiteElo "2902"]
[BlackElo "2407"]
[TimeControl "180+1"]
[EndTime "14:17:55 PST"]
[Termination "DonkyDonkyDonkey won by resignation"]

1. e4 c6 2. Nc3 d5 3. Nf3 Nf6 4. e5 Ne4 5. Ne2 Qb6 6. d4 c5 7. c3 cxd4 8. Nexd4 Nc6 9. h3 e6 10. Bd3 Bc5 11. O-O Bd7 12. Rb1 O-O 13. Be3 a6 14.
Nxc6 Bxe3 15. Ne7+ Kh8 16. fxe3 Qxe3+ 17. Kh1 Ng3+ 18. Kh2 Nxf1+ 19. Qxf1 Rae8 20. Re1 Qc5 21. Bxh7 Qxe7 22. Bc2 Bc6 23. Rd1 Qc7 24. Rd4 g6 25. Qc1 Kg7 26. Qf4 Qe7 27. Qg3 Rh8 28. Rg4 Rh6 29.
Nd4 Rg8 30. Rf4 Kf8 31. Rf6 Ke8 32. Qf4 Rh7 33. b4 Bd7 34. a4 g5 35. Qg3 Rhg7 36.
b5 axb5 37. axb5 g4 38. h4 Rh8 39. Kg1 Rh5 40. Qe3 Qd8 41. g3 Qc7 42. Qf2 Qxe5 43. Kg2 Qd6 44. Nf5 Rxf5 45. Bxf5 Qe7 46. Bd3 Kf8 47. Rh6 Rg8 48. Qa7 Be8 49. Qd4 Qc7 50. Bh7 Rg7 51. Qf6 Qe7 52. Qe5 Qd7 53. Bd3 Rg8 54. Rf6 Qe7 55. h5 Bd7 56. h6 Rh8 57. h7 Ke8 58. Rxe6 Qxe6 59. Qxh8+ Ke7 60. Qd4 Qh6 61.
h8=Q Qxh8 62. Qxh8 1-0

[Event "Late-Titled-Tuesday-Blitz-February-27-2024"]
[Site "Chess.com"]
[Date "2024.02.27"]
[Round "2"]
[White "jcmesafischer"]
[Black "wqws"]
[Result "0-1"]
[WhiteElo "2380"]
[BlackElo "2686"]
[TimeControl "180+1"]
[EndTime "14:17:55 PST"]
[Termination "wqws won by resignation"]

1. e4 e5 2. Nf3 Nc6 3. Bc4 Nf6 4.
d3 Be7 5. O-O O-O 6. c3 d6 7. Nbd2 Be6 8. Bxe6 fxe6 9. Re1 Qd7 10. Nf1 Rae8 11. b4 Bd8 12. a4 Qf7 13. Ng3 Nh5 14.
Nxh5 Qxh5 15. h3 Ne7 16. Ng5 Qg6 17. Qg4 Rf6 18. Nf3 Ref8 19. Qxg6 Nxg6 20. Be3 a6 21. Nh2 h5 22. f3 Nf4 23. Bxf4 exf4 24. d4 Rg6 25. d5 exd5 26. exd5 Bf6 27. Rac1 Rg5 28. c4 Re5 29. Re4 Rfe8 30. Rce1 Rxe4 31. Rxe4 Rxe4 32.
fxe4 Bc3 33. b5 Kf7 34. h4 axb5 35. cxb5 Ke7 36. Kf2 Bf6 37. Nf3 Kd8 38. Ke2 Kc8 39. Kf2 Kb8 40. g3 fxg3+ 41. Kxg3 Ka7 42. a5 Bc3 43.
b6+ cxb6 44. axb6+ Kxb6 45. Kf4 Kc5 46. Kg5 b5 47. Kxh5 b4 48. Kg6 b3 49. e5 b2 50.
Kxg7 b1=Q 0-1

[Event "Late-Titled-Tuesday-Blitz-February-27-2024"]
[Site "Chess.com"]
[Date "2024.02.27"]
[Round "2"]
[White "WindWhistler11"]
[Black "Vse_po_kaify"]
[Result "1-0"]
[WhiteElo "2496"]
[BlackElo "2235"]
[TimeControl "180+1"]
[EndTime "14:17:55 PST"]
[Termination "WindWhistler11 won on time"]

1. Nf3 Nf6 2. g3 g6 3. Bg2 Bg7 4. O-O O-O 5. c4 d6 6. Nc3 e5 7. Rb1 a5 8. a3 Re8 9. b4 axb4 10. axb4 c6 11. b5 d5 12. bxc6 bxc6 13. cxd5 cxd5 14. d4 e4 15. Ne5 Nbd7 16. Bf4 Nh5 17. Be3 Nxe5 18.
dxe5 Be6 19. Bd4 Qd7 20. Rb6 Bf8 21. Qb3 Red8 22. f4 Rac8 23. Nb5 Ng7 24. Nd6 Nf5 25. Nxf5 Bxf5 26. Rb7 Rc7 27. Rb6 Rc4 28. e3 Rdc8 29. Rb7 Qe6 30. Ba1 Bh3 31. Rb6 Qg4 32.
e6 Bxg2 33. exf7+ Kxf7 34. Rb7+ Be7 35. Qb2 R8c7 36. Qg7+ Ke6 37. Qg8+ Kd7 38. Qxd5+ Bd6 39. Qf7+ Kc6 40. Rxc7+ Bxc7 41. Qxc4+ Kd7 42. Qd5+ 1-0

[Event "Late-Titled-Tuesday-Blitz-February-27-2024"]
[Site "Chess.com"]
[Date "2024.02.27"]
[Round "2"]
[White "nicolasbatista3"]
[Black "Zmeusor"]
[Result "1/2-1/2"]
[WhiteElo "2427"]
[BlackElo "2096"]
[TimeControl "180+1"]
[EndTime "14:17:58 PST"]
[Termination "Game drawn - insufficient material"]

1. Nf3 d5 2. b3 Nf6 3. Bb2 g6 4.
e3 Bg7 5. c4 O-O 6. cxd5 Nxd5 7. Bxg7 Kxg7 8. Nc3 Nxc3 9. dxc3 Qxd1+ 10. Rxd1 c5 11. Be2 Nc6 12. O-O a6 13. c4 Bf5 14.
Bd3 Bxd3 15. Rxd3 Rfd8 16. Rfd1 Kf6 17. h4 h6 18. Kf1 Rxd3 19. Rxd3 Rd8 20. Rxd8 Nxd8 21.
Nd2 b6 22. Ke2 Nc6 23. a3 e5 24. Kd3 Ke6 25. Kc3 a5 26. Kd3 f5 27. f3 g5 28.
hxg5 hxg5 29. g4 e4+ 30. Ke2 exf3+ 31. Kxf3 Ne5+ 32. Ke2 Nxg4 33. e4 Ne5 34. exf5+ Kxf5 35. Ke3 g4 36. Ne4 Nc6 37. Nd6+ Ke5 38. Nc8 Nd4 39. Nxb6 Nxb3 40. Nd7+ Kd6 41. Nf6 g3 42. Ne4+ Ke5 43. Nxg3 Nd4 44. Kd3 a4 45. Ne4 Ne6 46. Nc3 Nf4+ 47.
Ke3 Ng2+ 48. Kf2 Kd4 49. Nxa4 Kxc4 50. Kxg2 Kb3 51. Nxc5+ Kxa3 1/2-1/2

[Event "Late-Titled-Tuesday-Blitz-February-27-2024"]
[Site "Chess.com"]
[Date "2024.02.27"]
[Round "2"]
[White "ErikRonka"]
[Black "The_Machine04"]
[Result "0-1"]
[WhiteElo "2545"]
[BlackElo "2810"]
[TimeControl "180+1"]
[EndTime "14:17:59 PST"]
[Termination "The_Machine04 won by resignation"]

1. e4 d6 2. d4 Nf6 3. Nc3 e5 4. Nf3 Nbd7 5. Rg1 c6 6. g4 h6 7. Be3 Be7 8. Qd2 Qc7 9. h4 Nf8 10. g5 hxg5 11. hxg5 Ng4 12. O-O-O Nxe3 13. fxe3 Ng6 14.
Bc4 Be6 15. Bxe6 fxe6 16. Qg2 O-O-O 17. Qg4 Nf8 18. Rh1 Rxh1 19. Rxh1 Kb8 20. Rh8 exd4 21.
exd4 d5 22. Rg8 Bb4 23. Nd1 Qf7 24. Rh8 Bd6 25. e5 Be7 26. g6 Nxg6 27. Rxd8+ Bxd8 28. Nd2 Qf5 29. Qg2 Bg5 30. c3 Nf4 31. Qh2 Nd3+ 32. Kc2 Ne1+ 33. Kb3 Qc2+ 34. Ka3 Qxd2 35. Qh8+ Kc7 36.
Qxg7+ Kb6 37. Qf8 Nc2+ 38. Kb3 Qxd1 39. Qc5+ Ka6 40. Ka4 Nxd4+ 41. Ka3 Nb5+ 42. Kb4 Qg4+ 43. Kb3 Qc4+ 44. Qxc4 dxc4+ 45. Kxc4 Nc7 46. Kc5 Be7+ 47. Kc4 b5+ 48. Kd4 c5+ 49. Ke4 Kb6 0-1

[Event "Late-Titled-Tuesday-Blitz-February-27-2024"]
[Site "Chess.com"]
[Date "2024.02.27"]
[Round "2"]
[White "fidetrainerNET"]
[Black "boguszp"]
[Result "0-1"]
[WhiteElo "2249"]
[BlackElo "2016"]
[TimeControl "180+1"]
[EndTime "14:17:59 PST"]
[Termination "boguszp won by resignation"]

1. e4 e6 2. Nf3 d5 3. Nc3 Nf6 4.
e5 Nfd7 5. b3 c5 6. Bb2 Nc6 7.
Bb5 Qc7 8. O-O a6 9. Bxc6 Qxc6 10. d4 cxd4 11. Nxd4 Qc7 12. f4 Bc5 13. Kh1 O-O 14.
Rf3 Bxd4 15. Qxd4 Qc5 16. Qd3 f5 17. exf6 Nxf6 18. Re1 Bd7 19. Ne2 Rae8 20. Nd4 Ne4 21. c4 e5 22. cxd5 exd4 23. Rxe4 Bf5 24. Rxe8 Bxd3 25. Rxf8+ Kxf8 26. Rxd3 Qxd5 27. Rxd4 Qa5 28. h3 Qxa2 29. Bc3 Qxb3 30. Bb4+ Ke8 31. Kh2 b6 32.
Re4+ Kd8 33. Bf8 g6 34. Bh6 a5 35. Bg5+ Kc8 36. Re8+ Kb7 37. Re7+ Ka6 38. Rxh7 a4 39.
f5 gxf5 40. h4 a3 41. Rh8 Kb5 42. Ra8 a2 43. Bf6 f4 44. h5 Qf7 45. Bh4 Qxh5 46. Kh3 Qf5+ 47. Kh2 Qc2 48. Kh3 Qb3+ 49. g3 f3 50. g4 f2+ 51. Kg2 Qd5+ 52. Kxf2 Qxa8 53. Bg3 Qf8+ 0-1

[Event "Late-Titled-Tuesday-Blitz-February-27-2024"]
[Site "Chess.com"]
[Date "2024.02.27"]
[Round "2"]
[White "Fh2411"]
[Black "Sajkochess"]
[Result "1/2-1/2"]
[WhiteElo "2617"]
[BlackElo "2336"]
[TimeControl "180+1"]
[EndTime "14:18:02 PST"]
[Termination "Game drawn - insufficient material"]

1. d4 Nf6 2. Nf3 e6 3. Bf4 c5 4. e3 cxd4 5. exd4 b6 6. c3 Bb7 7. Nbd2 Be7 8. Bd3 O-O 9. O-O d6 10. Re1 Nbd7 11. Qe2 Re8 12. a4 a6 13. Ng5 Nf8 14.
h4 Nd5 15. Qh5 g6 16. Qg4 Nxf4 17. Qxf4 Bf6 18. Be4 e5 19. Qf3 d5 20. Bc2 Bxg5 21.
hxg5 Qxg5 22. Nf1 e4 23. Qe3 Qxe3 24. fxe3 f5 25. g3 Ne6 26. Nd2 g5 27. Re2 Kh8 28. Rf1 Rf8 29. Bb3 Rf6 30. Ref2 Raf8 31. c4 dxc4 32.
Bxc4 Nxd4 33. exd4 e3 34. Re2 exd2 35. Rxd2 f4 36.
gxf4 gxf4 37. d5 Rg8+ 38. Kf2 Rfg6 39. b3 Rg2+ 40. Ke1 Re8+ 41. Kd1 Rxd2+ 42. Kxd2 Rd8 43. Rxf4 b5 44. axb5 axb5 45. Bxb5 Rxd5+ 46. Bd3 Ba6 47. Rf3 Kg7 48. Kc3 Rxd3+ 49. Rxd3 Bxd3 50. Kxd3 Kf7 51. Kd4 Ke7 52. Ke5 Kd7 53. Kf6 Kc6 54. Kg5 Kc5 55. Kh6 Kb4 56. Kxh7 Kxb3 1/2-1/2

[Event "Late-Titled-Tuesday-Blitz-February-27-2024"]
[Site "Chess.com"]
[Date "2024.02.27"]
[Round "2"]
[White "TomsKantans"]
[Black "TemploVillamarin"]
[Result "1-0"]
[WhiteElo "2673"]
[BlackElo "2204"]
[TimeControl "180+1"]
[EndTime "14:18:03 PST"]
[Termination "TomsKantans won on time"]

1. e4 d5 2. exd5 Qxd5 3. Nc3 Qa5 4. d4 Nf6 5. Bd2 c6 6. Ne4 Qd8 7. Nxf6+ exf6 8. Nf3 Be6 9. Bd3 Bd6 10. O-O O-O 11. Re1 Nd7 12. a4 Nb6 13. a5 Nd5 14. c4 Nf4 15. Bf1 Bg4 16. Qb3 Qd7 17. h3 Bh5 18. Re4 Ne6 19. Rh4 Bg6 20. Rd1 Rab8 21. Be3 Be7 22. d5 Nc5 23. Bxc5 Bxc5 24. Qc3 Be7 25. d6 Bd8 26. c5 f5 27. Ra4 Bf6 28. Qd2 Rfe8 29. b4 Bh5 30. Ra3 Bxf3 31. Rxf3 g6 32.
Bc4 Re4 33. Qa2 Rbe8 34. g3 f4 35. g4 h5 36. gxh5 gxh5 37. Kg2 Qf5 38. Bxf7+ Kh7 39.
Bxe8 Qg5+ 40. Kh1 Bg7 41. Qc2 Qf5 42. Qb1 Be5 43. Bxh5 Qxh5 44. Qxe4+ Kh6 45. Rg1 1-0

[Event "Late-Titled-Tuesday-Blitz-February-27-2024"]
[Site "Chess.com"]
[Date "2024.02.27"]
[Round "2"]
[White "farzadbfd"]
[Black "Piotrek1979"]
[Result "0-1"]
[WhiteElo "2694"]
[BlackElo "2458"]
[TimeControl "180+1"]
[EndTime "14:18:04 PST"]
[Termination "Piotrek1979 won on time"]

1. d4 Nf6 2. Nf3 d5 3. c4 e6 4.
Nc3 dxc4 5. e4 b5 6. Bg5 b4 7.
Na4 Bb7 8. e5 h6 9. Bh4 g5 10.
exf6 gxh4 11. Bxc4 Qxf6 12. Be2 h3 13. g3 Nd7 14.
Rc1 Bd6 15. Nc5 Bxc5 16. dxc5 Ne5 17. c6 Rd8 18. Qb3 Ba6 19. Nxe5 Qxe5 20. Qe3 Qd5 21. f3 Qxa2 22. O-O Qxb2 23. Rf2 Rd2 24. Re1 Bxe2 25. Rfxe2 Rxe2 26. Rxe2 Qa1+ 27. Re1 Qc3 28. Qxc3 bxc3 29. Rc1 Ke7 30. Rxc3 Kd6 31. Kf2 Rb8 32. g4 Rb1 33. Kg3 Rg1+ 34. Kxh3 e5 35. Kh4 Ra1 36. Kh5 a5 37. Kxh6 a4 38. h4 a3 39. h5 a2 40.
Rc2 Ke6 41. Kg7 f5 42. g5 Rg1 43. Rxa2 Rxg5+ 44. Kh6 Rg3 45. Ra7 Kd6 46. Ra3 e4 0-1

[Event "Late-Titled-Tuesday-Blitz-February-27-2024"]
[Site "Chess.com"]
[Date "2024.02.27"]
[Round "2"]
[White "Seochesspie"]
[Black "MKlose11"]
[Result "0-1"]
[WhiteElo "2890"]
[BlackElo "2603"]
[TimeControl "180+1"]
[EndTime "14:18:07 PST"]
[Termination "MKlose11 won by resignation"]

1. d4 Nf6 2. Nf3 c5 3. d5 b5 4.
c3 g6 5. e4 Nxe4 6. Bxb5 Bg7 7. O-O O-O 8. Re1 Nf6 9. c4 d6 10. Nc3 Bd7 11. Qe2 Bxb5 12. Nxb5 a6 13. Nc3 Re8 14. Rb1 Nbd7 15. b3 Rb8 16. Bd2 Qc7 17. h3 e5 18. dxe6 Rxe6 19. Qd3 Rbe8 20. Rxe6 Rxe6 21.
Rd1 Qc6 22. Nd5 h6 23. Bc3 Ne5 24. Nxe5 dxe5 25. Nxf6+ Bxf6 26. Qd5 e4 27. Bxf6 Rxf6 28. Qxc6 Rxc6 29. g4 Kg7 30. Rd5 a5 31. Kf1 a4 32.
bxa4 Ra6 33. Rxc5 Rxa4 34. Ke2 Rxa2+ 35. Ke3 Ra3+ 36. Kxe4 Rxh3 37. Rc8 Rh4 38. f3 h5 39. Kf4 hxg4 40. Kg3 gxf3 41. Kxf3 Kf6 42. c5 Kg5 43. c6 f5 44. c7 Rc4 45. Kg3 Rc3+ 46. Kf2 Kf4 47.
Rg8 Rxc7 48. Rxg6 Rc2+ 49. Ke1 Kf3 50. Rh6 f4 51. Rg6 Ra2 52. Rg8 Ra1+ 53. Kd2 Kf2 54. Kd3 f3 55. Rg7 Kf1 56. Ke3 Ra3+ 57. Kd2 f2 58.
Rg8 Ra5 59. Rd8 Rg5 60. Ke3 Kg1 0-1

[Event "Late-Titled-Tuesday-Blitz-February-27-2024"]
[Site "Chess.com"]
[Date "2024.02.27"]
[Round "2"]
[White "AlexeiShirov"]
[Black "Mackster23"]
[Result "0-1"]
[WhiteElo "2859"]
[BlackElo "2584"]
[TimeControl "180+1"]
[EndTime "14:18:09 PST"]
[Termination "Mackster23 won on time"]

1. e4 c5 2. Nf3 d6 3. d4 cxd4 4. Nxd4 Nf6 5. Nc3 a6 6. Be3 e6 7.
g4 e5 8. Nf5 g6 9. g5 gxf5 10.
exf5 d5 11. Qf3 Ne4 12. Nxe4 dxe4 13. Qxe4 Nc6 14. Rd1 Qa5+ 15. c3 Qc7 16. Bc4 b5 17. Bd5 Bb7 18. Bb6 Qxb6 19. Bxc6+ Qxc6 20. Qxe5+ Be7 21. Qxh8+ Bf8 22. Qe5+ Be7 23. Qh8+ Bf8 24. Kd2 Qd6+ 25.
Kc2 Be4+ 26. Kb3 Qc5 27. Qd4 Qxd4 28. cxd4 Bxh1 29. Rxh1 Kd7 30. Re1 Bd6 31. Re4 Bxh2 32. Rh4 Bg1 33. Rxh7 Rf8 34. Kc3 Bxf2 35. Kd3 Bg3 36. Ke4 Bd6 37. Kd5 Bf4 38. g6 Ke7 39. Rh4 Bg5 40. Rg4 Kf6 41. gxf7 Rxf7 42. Kc6 Kxf5 43.
Rg1 Be3 44. Rf1+ Bf4 45. d5 Rc7+ 46. Kb6 Rc2 47. Kxa6 Rxb2 48. d6 Ke4 0-1

[Event "Late-Titled-Tuesday-Blitz-February-27-2024"]
[Site "Chess.com"]
[Date "2024.02.27"]
[Round "2"]
[White "dimoni64"]
[Black "esrosenberg"]
[Result "0-1"]
[WhiteElo "1965"]
[BlackElo "2423"]
[TimeControl "180+1"]
[EndTime "14:18:09 PST"]
[Termination "esrosenberg won by checkmate"]

1. d4 d5 2. c4 e6 3. Nc3 c5 4. cxd5 cxd4 5. Qxd4 Nc6 6. Qd1 exd5 7. Qxd5 Qc7 8. g3 Nf6 9. Qd1 Bc5 10. Bg2 O-O 11.
Nf3 Bf5 12. O-O h6 13. Bf4 Qe7 14. Nd5 Nxd5 15. Qxd5 Be4 16. Qc4 Rac8 17. Rac1 Bb6 18. Ne5 Bxg2 19. Kxg2 Nxe5 20. Qxc8 Rxc8 21. Rxc8+ Kh7 22.
a4 Ng6 23. e3 Nxf4+ 24. exf4 Qe4+ 25. Kg1 Qxa4 26. Rcc1 h5 27. h4 f6 28. Kg2 Qe4+ 29. Kh2 g5 30. hxg5 fxg5 31. fxg5 h4 32. f3 Qe2+ 33.
Kh3 hxg3 34. Kxg3 Qxb2 35. Rce1 Kg6 36. f4 Bd4 37. Re6+ Kf5 38. Re8 Qa3+ 39. Rf3 Qc1 40. Rd8 Qg1+ 41. Kh3 Qh1+ 42. Kg3 Qg1+ 43. Kh3 Bf2 44.
Rd5+ Ke4 45. Rfd3 Qh1+ 46. Kg4 Qh4# 0-1

[Event "Late-Titled-Tuesday-Blitz-February-27-2024"]
[Site "Chess.com"]
[Date "2024.02.27"]
[Round "2"]
[White "Grischuk"]
[Black "DanylaBagrov"]
[Result "1/2-1/2"]
[WhiteElo "3039"]
[BlackElo "2533"]
[TimeControl "180+1"]
[EndTime "14:18:10 PST"]
[Termination "Game drawn by repetition"]

1. d4 f5 2. Nc3 Nf6 3. Bg5 e6 4. e4 fxe4 5. Nxe4 Be7 6. Bxf6 Bxf6 7. Nf3 O-O 8. Bd3 b6 9. Qe2 Bb7 10. O-O-O Nc6 11. c3 Ne7 12. h4 Nd5 13. g3 c5 14.
Neg5 h6 15. Bh7+ Kh8 16. Bc2 Bxg5+ 17. Nxg5 cxd4 18. Rxd4 hxg5 19. hxg5+ Kg8 20. g6 Qg5+ 21. f4 Nxf4 22. gxf4 Rxf4 23. Qd2 Bxh1 24. Rxf4 Qg1+ 25. Bd1 Rf8 26. Rg4 Qf2 27. Qxd7 Qe3+ 28. Qd2 Qxd2+ 29. Kxd2 Rd8+ 30. Rd4 Rxd4+ 31. cxd4 Bd5 32. a3 Be4 33. Bb3 Kf8 34. Ke3 Bxg6 35. Bxe6 Ke7 36. Bc4 Bf7 37. Bd3 Kd6 38. Kf4 Kd5 39. Ke3 Be6 40. Bb1 g5 41.
Ba2+ Kd6 42. Bb1 Bd7 43. Be4 a5 44. Bg2 Be6 45. Be4 Bd5 46. Bf5 Bg2 47. Bc2 Bc6 48. Bf5 Bd7 49. Bc2 Be6 50. Be4 Bd7 51. Bc2 Be6 52. Be4 1/2-1/2

[Event "Late-Titled-Tuesday-Blitz-February-27-2024"]
[Site "Chess.com"]
[Date "2024.02.27"]
[Round "2"]
[White "Nara_Kh"]
[Black "tteshan"]
[Result "0-1"]
[WhiteElo "2359"]
[BlackElo "2591"]
[TimeControl "180+1"]
[EndTime "14:18:11 PST"]
[Termination "tteshan won by resignation"]

1. e4 c5 2. Nf3 Nc6 3. Bb5 e6 4. O-O Nge7 5. Re1 a6 6. Bf1 d5 7. d3 dxe4 8. Rxe4 Nd5 9. Bg5 Be7 10.
h4 h6 11. Bc1 Nf6 12. Re1 b5 13. b3 Bb7 14. Bb2 O-O 15. Nbd2 Nd4 16. Nxd4 cxd4 17.
Nf3 Bb4 18. Nxd4 Bxe1 19. Qxe1 Rc8 20. a4 Qd5 21. axb5 axb5 22. Qb4 Rfd8 23. Re1 Qh5 24. Nxb5 Rxc2 25. Be5 Rd7 26. Nd4 Rc8 27. Nb5 Ng4 28. Bg3 Bd5 29. Nd6 Ra8 30. d4 f5 31. Bb5 Rda7 32. Bc4 Ra1 33. Bxd5 exd5 34. Qd2 f4 35. Bxf4 Qxh4 36. Bg3 Qf6 37. f3 Rxe1+ 38. Bxe1 Qxd6 39. fxg4 Re8 40. Bf2 Qe6 41. Qd1 Qe2 42. Qxe2 Rxe2 43. Kf1 Rb2 44. Be3 Rxb3 45. Kf2 Kf7 46. Kf3 Ke6 47. Kf4 Rb2 48. g3 Rb1 49. Kf3 Rf1+ 50. Kg2 Rf7 51. g5 hxg5 52. Bxg5 Kf5 53. Be3 Ke4 54.
Bf2 Rxf2+ 55. Kxf2 Kxd4 56. Kf3 Kc3 57. Ke3 d4+ 58. Ke4 d3 0-1

[Event "Late-Titled-Tuesday-Blitz-February-27-2024"]
[Site "Chess.com"]
[Date "2024.02.27"]
[Round "2"]
[White "Elsa167"]
[Black "ACollins05"]
[Result "1-0"]
[WhiteElo "2903"]
[BlackElo "2577"]
[TimeControl "180+1"]
[EndTime "14:18:12 PST"]
[Termination "Elsa167 won by checkmate"]

1. d4 d5 2. c4 e6 3. Nf3 Nf6 4. Nc3 Be7 5. g3 h6 6. Bg2 O-O 7. O-O Nc6 8. b3 b6 9. cxd5 Nxd5 10. Nxd5 exd5 11. Bf4 Bb7 12. Rc1 Bd6 13. Qd2 Rc8 14.
Nh4 Re8 15. Nf5 Bxf4 16. Qxf4 Ne7 17. Bh3 Ng6 18. Qf3 c6 19. Bg4 Rc7 20. Rc3 Ne7 21.
Rfc1 Nxf5 22. Bxf5 Qd6 23. e3 Qf6 24. Bg4 Qxf3 25.
Bxf3 Rce7 26. b4 g6 27. a4 a5 28. Rb1 Ba8 29. b5 cxb5 30. Rxb5 Re6 31. Bxd5 Bxd5 32. Rxd5 f5 33. Rc7 R8e7 34. Rxe7 Rxe7 35. Rd6 Rb7 36. Rxg6+ Kh7 37. Rf6 b5 38. axb5 Rxb5 39. Ra6 Kg7 40. Kg2 Kh7 41. Kf3 Kg7 42. h3 Kh7 43. Kf4 Kg7 44.
g4 fxg4 45. hxg4 Kh7 46. f3 Kg7 47. e4 Kh7 48. d5 Kg7 49. d6 Kf7 50. d7 Ke7 51.
Rxh6 Kxd7 52. Ra6 Ke7 53. e5 Kf7 54. Kf5 Ke7 55. f4 Kf7 56. g5 Kg7 57. Ra7+ Kf8 58.
Kf6 Kg8 59. Ra8+ Kh7 60. g6+ Kh6 61. Rh8# 1-0

[Event "Late-Titled-Tuesday-Blitz-February-27-2024"]
[Site "Chess.com"]
[Date "2024.02.27"]
[Round "2"]
[White "gahryman"]
[Black "Narek_Ghimoyan"]
[Result "1-0"]
[WhiteElo "2692"]
[BlackElo "2385"]
[TimeControl "180+1"]
[EndTime "14:18:12 PST"]
[Termination "gahryman won by resignation"]

1. e4 c5 2. Nf3 d6 3. d4 cxd4 4. Qxd4 Nc6 5. Bb5 Bd7 6. Bxc6 Bxc6 7. Nc3 Nf6 8. Bg5 e6 9. O-O-O Be7 10. Rhe1 O-O 11.
Kb1 Qa5 12. Qd2 Rac8 13. Nd4 Qc5 14. f3 b5 15. Be3 b4 16. Nf5 bxc3 17. Nxe7+ Kh8 18.
Bxc5 cxd2 19. Rxd2 dxc5 20. Nxc8 Rxc8 21. Red1 Ne8 22. Rd8 Rc7 23. Rb8 Kg8 24. Rdd8 Kf8 25. Rdc8 Ke7 26. e5 Rxc8 27. Rxc8 Kd7 28. Rb8 Kc7 29.
Rb3 g6 30. Kc1 Ng7 31. g4 Ne8 32. Kd2 f6 33. f4 g5 34. Rh3 gxf4 35. Rxh7+ Kb6 36.
Rf7 fxe5 37. g5 Be4 38. h4 Nd6 39. Rf6 Bf5 40. Rf8 Ne4+ 41. Ke1 f3 42. h5 f2+ 43. Ke2 Bg4+ 44. Ke3 Bf5 45. Ke2 Bg4+ 46. Ke3 Bxh5 47. Kxe4 Bg6+ 48. Ke3 Bxc2 49. Rxf2 Bf5 50. Rxf5 exf5 51. g6 f4+ 52. Ke4 c4 53. g7 c3 54. bxc3 f3 55. Kxf3 1-0

[Event "Late-Titled-Tuesday-Blitz-February-27-2024"]
[Site "Chess.com"]
[Date "2024.02.27"]
[Round "2"]
[White "FredddieCroderg"]
[Black "Machidon"]
[Result "1-0"]
[WhiteElo "2283"]
[BlackElo "2492"]
[TimeControl "180+1"]
[EndTime "14:18:13 PST"]
[Termination "FredddieCroderg won by resignation"]

1. e4 c6 2. d4 d5 3. exd5 cxd5 4. Nf3 Nc6 5. c3 Bf5 6. Bb5 f6 7. O-O e6 8. Re1 Bd6 9. Nh4 Bxb1 10. Rxb1 Qd7 11.
Qg4 Kf7 12. c4 Nge7 13. c5 Bc7 14. g3 h5 15. Qh3 Rad8 16. Ng2 a6 17. Ba4 e5 18.
Qxd7 Rxd7 19. dxe5 fxe5 20. b4 a5 21. b5 Nd4 22. b6 Nf3+ 23. Kh1 Nxe1 24. Bxd7 Nxg2 25. bxc7 Ne1 26. Rxb7 Nd3 27. Bg5 Nxc5 28. Bxe7 Nxd7 29. Bd6 Ke6 30. Rb8 Nxb8 31. cxb8=Q Rxb8 32. Bxb8 d4 33. Kg1 Kd5 34. Kf1 e4 35. Ke1 Kc4 36. Kd2 g5 37. Bc7 a4 38. Bd8 g4 39. Bf6 Kd5 40. Ke2 Kc4 41.
Kd2 Kd5 42. Kc2 Kc4 43. Bg5 Kb4 44. Bd2+ Kc4 45. Ba5 Kd5 46. Be1 Kc4 47. a3 e3 48.
fxe3 dxe3 49. Bb4 Kd4 50. Kd1 Kd3 51. Ke1 Kd4 52. Ke2 1-0

[Event "Late-Titled-Tuesday-Blitz-February-27-2024"]
[Site "Chess.com"]
[Date "2024.02.27"]
[Round "2"]
[White "Englishman_18"]
[Black "gxbg2000"]
[Result "1-0"]
[WhiteElo "2422"]
[BlackElo "1930"]
[TimeControl "180+1"]
[EndTime "14:18:13 PST"]
[Termination "Englishman_18 won by resignation"]

1. Nf3 Nf6 2. c4 d6 3. d4 g6 4. b3 Bg7 5. Bb2 O-O 6. g3 Nbd7 7.
Bg2 c6 8. O-O Re8 9. Qc1 Ng4 10.
Rd1 Bh6 11. e3 Bg7 12. h3 Nh6 13. e4 e6 14. Nc3 Qe7 15. Ne2 e5 16. d5 cxd5 17.
Rxd5 Nf6 18. Nc3 Nxd5 19. Nxd5 Qd8 20. c5 Be6 21. cxd6 Qxd6 22. Ba3 Qc6 23. Qxc6 bxc6 24.
Nc7 f5 25. Nxa8 Rxa8 26. Ng5 Bf7 27. exf5 Nxf5 28. Nxf7 Kxf7 29. Bxc6 Rc8 30. Rc1 Kf6 31. Bg2 Rxc1+ 32. Bxc1 Nd4 33. Kf1 Ke6 34. Ke1 Bf8 35. Bd2 Bc5 36. h4 h5 37. Bc3 Nb5 38. Bb2 Nd4 39. Bc3 Nb5 40. Bd2 Nd4 41. b4 Bb6 42. Be4 Kf6 43. Bd5 Nc2+ 44. Kd1 Nd4 45. a4 Ke7 46. a5 Bc7 47. Bc4 Kf6 48. b5 Ne6 49. a6 Nd4 50. Be3 Bb6 51. Kd2 Kf5 52. Kd3 Nf3 53.
Bxb6 axb6 54. a7 1-0

[Event "Late-Titled-Tuesday-Blitz-February-27-2024"]
[Site "Chess.com"]
[Date "2024.02.27"]
[Round "2"]
[White "Bigfish1995"]
[Black "KATPAH"]
[Result "1-0"]
[WhiteElo "3165"]
[BlackElo "2653"]
[TimeControl "180+1"]
[EndTime "14:18:16 PST"]
[Termination "Bigfish1995 won on time"]

1. e4 e5 2. Nf3 d6 3. d4 Bg4 4. dxe5 Nd7 5. exd6 Bxd6 6. Nc3 Ngf6 7. Be2 Qe7 8. Nd4 Bxe2 9. Qxe2 g6 10. Bd2 Be5 11. Nf3 O-O-O 12. Nxe5 Nxe5 13. O-O-O Nc6 14. Bg5 h6 15.
Rxd8+ Rxd8 16. Nd5 Rxd5 17. Bxf6 Qe6 18. Bc3 Rc5 19. Qe3 b6 20. b3 a5 21. Kb2 a4 22. Rd1 Na7 23. bxa4 Rc4 24. Rd4 Nc6 25.
Rxc4 Qxc4 26. Qh3+ Kb7 27. Qd3 Qxa4 28. Qd5 f6 29. a3 f5 30. exf5 gxf5 31. Qxf5 Qc4 32. g4 b5 33. Qd3 Qc5 34. Qd2 Ne5 35. Bxe5 Qxe5+ 36. Qc3 Qxh2 37. Qc5 c6 38. Qe7+ Kb6 39. Qe3+ Ka6 40. f4 Qg2 41. Qe6 Kb6 42. Qe3+ Ka6 43.
g5 hxg5 44. fxg5 Qg4 45. Qe5 Kb6 46. Qf6 b4 47. g6 bxa3+ 48. Kxa3 Qg3+ 49. Ka2 Qg2 50. g7 Qd5+ 51. Kb1 Qh1+ 52. Kb2 Qg1 53. Qf7 Qd4+ 54.
Kb3 Qe3+ 55. c3 Qc1 56. Qf2+ c5 57. g8=Q Qb1+ 58. Qb2 Qd1+ 59. Ka2+ 1-0